| TOP OF THE 1ST |
|
Albuquerque Dukes batting - Pitching for San Antonio Missions : LHP Jim Deshaies
|
|
Pitching: LHP Jim Deshaies
|
|
|
Batting: RHB Aaron Cain
|
0-0: Swinging Strike 0-1: Ball 1-1: Ball 2-1: Called Strike 2-2: Ball 3-2: Foul Ball, location: 2F 3-2: SINGLE (Groundball, 34D, EV 109.4 MPH)
|
|
Batting: LHB Dave Yobs
|
0-0: Ball 1-0: Called Strike Aaron Cain steals 2nd base 1-1: 2-RUN HOME RUN (Flyball, 9LD, EV 106.9 MPH), Distance : 348 ft
|
|
Batting: SHB Spike Owen
|
0-0: SINGLE (Groundball, 4MD, EV 98.1 MPH)
|
|
Batting: RHB Jeffrey Ronk
|
0-0: Ball 1-0: Grounds into double play, 1-6-3 (Groundball, 34S, EV 64.4 MPH)
|
|
Batting: RHB John Hanley
|
0-0: Ball 1-0: Ball 2-0: Ball 3-0: Called Strike 3-1: Base on Balls
|
|
Batting: RHB George Foussianes
|
0-0: Ball Pickoff Throw to First - Out! 1-3
|
| Top of the 1st over - 2 runs, 3 hits, 0 errors, 0 left on base; Albuquerque 2 - San Antonio 0 |
| BOTTOM OF THE 1ST |
|
San Antonio Missions batting - Pitching for Albuquerque Dukes : RHP Rafaele Cerretti
|
|
Pitching: RHP Rafaele Cerretti
|
|
|
Batting: LHB John Elway
|
0-0: Foul Ball, location: 2F 0-1: Hit by Pitch
|
|
Batting: RHB Amos Lewis
|
0-0: Foul Ball, location: 2F 0-1: Ball 1-1: Ball 2-1: Ball 3-1: Called Strike 3-2: SINGLE (Groundball, 56D, EV 103.1 MPH) John Elway to second
|
|
Batting: RHB Ed Hearn
|
0-0: SINGLE (Flyball, 9LS, EV 89.4 MPH) John Elway to third Amos Lewis to second Runner from 3rd tries for Home, SAFE, throw by RF to home
|
|
Batting: RHB Larry Hamilton
|
0-0: Ball 1-0: Foul Ball, location: 2F 1-1: Fly out, F7 (Flyball, 7LS, EV 83.8 MPH)
|
|
Batting: LHB Lee Pruitt
|
0-0: Called Strike 0-1: Ball 1-1: Fly out, F8 (Line Drive, 8RM, EV 94.4 MPH)
|
|
Batting: LHB John D Morris
|
0-0: Ball 1-0: Ball 2-0: Ball 3-0: Called Strike 3-1: Base on Balls Amos Lewis to third Ed Hearn to second
|
|
Batting: LHB Jerold Johnston
|
0-0: Ball 1-0: Ball 2-0: Called Strike 2-1: Fly out, F7 (Flyball, 7S, EV 90.6 MPH)
|
| Bottom of the 1st over - 1 run, 2 hits, 0 errors, 3 left on base; Albuquerque 2 - San Antonio 1 |
| TOP OF THE 2ND |
|
Albuquerque Dukes batting - Pitching for San Antonio Missions : LHP Jim Deshaies
|
|
Batting: RHB George Foussianes
|
0-0: Fly out, F9 (Line Drive, 9D, EV 94.4 MPH)
|
|
Batting: RHB Edward Gates
|
0-0: Foul Ball, location: 2F 0-1: Ball 1-1: Ball 2-1: Swinging Strike 2-2: Ball 3-2: Base on Balls
|
|
Batting: LHB Elwood Holland
|
0-0: Ball 1-0: Fly out, F8 (Flyball, 8LS, EV 91.9 MPH)
|
|
Batting: LHB Matthew Henderson
|
0-0: Ball 1-0: Ball 2-0: Called Strike 2-1: Foul Ball, location: 2F 2-2: Ball 3-2: Foul Ball, location: 2F 3-2: Strikes out looking
|
| Top of the 2nd over - 0 runs, 0 hits, 0 errors, 1 left on base; Albuquerque 2 - San Antonio 1 |
| BOTTOM OF THE 2ND |
|
San Antonio Missions batting - Pitching for Albuquerque Dukes : RHP Rafaele Cerretti
|
|
Batting: LHB Matt Nokes
|
0-0: Called Strike 0-1: Fly out, F6 (Popup, 15S, EV 95.6 MPH)
|
|
Batting: RHB Houston Jimenez
|
0-0: Ball 1-0: Called Strike 1-1: Swinging Strike 1-2: Ball 2-2: Strikes out swinging
|
|
Batting: LHB John Elway
|
0-0: Ball 1-0: Ball 2-0: Ball 3-0: Base on Balls
|
|
Batting: RHB Amos Lewis
|
0-0: Ball 1-0: Foul Ball, location: 2F 1-1: Called Strike 1-2: Strikes out swinging
|
| Bottom of the 2nd over - 0 runs, 0 hits, 0 errors, 1 left on base; Albuquerque 2 - San Antonio 1 |
| TOP OF THE 3RD |
|
Albuquerque Dukes batting - Pitching for San Antonio Missions : LHP Jim Deshaies
|
|
Batting: RHB Aaron Cain
|
0-0: Ball 1-0: Ball 2-0: Ball 3-0: Base on Balls
|
|
Batting: LHB Dave Yobs
|
0-0: Foul Ball, location: 2F 0-1: Swinging Strike 0-2: Ball 1-2: Strikes out looking
|
|
Batting: SHB Spike Owen
|
0-0: Foul Ball, location: 2F 0-1: Foul Ball, location: 2F 0-2: Ball 1-2: Fielders Choice at 2nd, 6-4 (Groundball, 6, EV 103.8 MPH)
|
|
Batting: RHB Jeffrey Ronk
|
0-0: Ball 1-0: Called Strike 1-1: Foul Ball, location: 2F 1-2: Foul Ball, location: 2F 1-2: Foul Ball, location: 2F 1-2: Ball 2-2: Strikes out swinging
|
| Top of the 3rd over - 0 runs, 0 hits, 0 errors, 1 left on base; Albuquerque 2 - San Antonio 1 |
| BOTTOM OF THE 3RD |
|
San Antonio Missions batting - Pitching for Albuquerque Dukes : RHP Rafaele Cerretti
|
|
Batting: RHB Ed Hearn
|
0-0: Foul Ball, location: 2F 0-1: Ball 1-1: Foul Ball, location: 2F 1-2: SINGLE (Groundball, 6D, EV 105.0 MPH)
|
|
Batting: RHB Larry Hamilton
|
0-0: Ball 1-0: Foul Ball, location: 2F 1-1: Swinging Strike 1-2: Ball 2-2: Ball 3-2: Strikes out swinging
|
|
Batting: LHB Lee Pruitt
|
0-0: Ground out 4-3 (Groundball, 34D, EV 87.5 MPH) Ed Hearn to second
|
|
Batting: LHB John D Morris
|
0-0: Called Strike 0-1: Foul Ball, location: 2F 0-2: Ball 1-2: Strikes out looking
|
| Bottom of the 3rd over - 0 runs, 1 hit, 0 errors, 1 left on base; Albuquerque 2 - San Antonio 1 |
| TOP OF THE 4TH |
|
Albuquerque Dukes batting - Pitching for San Antonio Missions : LHP Jim Deshaies
|
|
Batting: RHB John Hanley
|
0-0: Ball 1-0: Called Strike 1-1: Foul Ball, location: 2F 1-2: Ball 2-2: Ball 3-2: Foul Ball, location: 2F 3-2: SINGLE (Groundball, 6M, EV 103.1 MPH) (infield hit)
|
|
Batting: RHB George Foussianes
|
0-0: Foul Ball, location: 2F 0-1: Ball 1-1: Foul Ball, location: 2F 1-2: Ball 2-2: Strikes out looking
|
|
Batting: RHB Edward Gates
|
0-0: Ball 1-0: Fielders Choice at 2nd, 1-4 (Groundball, P, EV 70.0 MPH)
|
|
Batting: LHB Elwood Holland
|
0-0: Ball 1-0: Ball 2-0: Called Strike 2-1: Foul Ball, location: 2F 2-2: Ball 3-2: Base on Balls Edward Gates to second
|
|
Batting: LHB Matthew Henderson
|
0-0: Foul Ball, location: 2F 0-1: Foul Ball, location: 2F 0-2: Ball 1-2: Foul Ball, location: 2F 1-2: Ball 2-2: Foul Ball, location: 2F 2-2: Ball 3-2: Strikes out swinging
|
| Top of the 4th over - 0 runs, 1 hit, 0 errors, 2 left on base; Albuquerque 2 - San Antonio 1 |
| BOTTOM OF THE 4TH |
|
San Antonio Missions batting - Pitching for Albuquerque Dukes : RHP Rafaele Cerretti
|
|
Batting: LHB Jerold Johnston
|
0-0: Ball 1-0: Ball 2-0: Ball 3-0: Called Strike 3-1: Base on Balls
|
|
Batting: LHB Matt Nokes
|
0-0: 2-RUN HOME RUN (Flyball, 9D, EV 95.0 MPH), Distance : 371 ft
|
|
Batting: RHB Houston Jimenez
|
0-0: Swinging Strike 0-1: Ball 1-1: Swinging Strike 1-2: Ball 2-2: Ball 3-2: Foul Ball, location: 2F 3-2: Ground out 6-3 (Groundball, 6MS, EV 67.5 MPH)
|
|
Batting: LHB John Elway
|
0-0: Ball 1-0: Ball 2-0: Foul Ball, location: 2F 2-1: Ball 3-1: Base on Balls
|
|
Batting: RHB Amos Lewis
|
0-0: Ball 1-0: Called Strike 1-1: Ball 2-1: Called Strike 2-2: Ground out 5-3 (Groundball, 56, EV 75.6 MPH) John Elway to second
|
|
Batting: RHB Ed Hearn
|
0-0: Swinging Strike 0-1: Called Strike 0-2: Ball 1-2: Ball 2-2: Ball 3-2: Ground out 6-3 (Groundball, 6, EV 86.9 MPH)
|
| Bottom of the 4th over - 2 runs, 1 hit, 0 errors, 1 left on base; Albuquerque 2 - San Antonio 3 |
| TOP OF THE 5TH |
|
Albuquerque Dukes batting - Pitching for San Antonio Missions : LHP Jim Deshaies
|
|
Batting: RHB Aaron Cain
|
0-0: Foul Ball, location: 2F 0-1: Ball 1-1: Foul Ball, location: 2F 1-2: Fly out, F7 (Flyball, 78M, EV 91.9 MPH)
|
|
Batting: LHB Dave Yobs
|
0-0: Ball 1-0: Ball 2-0: Swinging Strike 2-1: Foul Ball, location: 2F 2-2: SOLO HOME RUN (Flyball, 7D, EV 103.1 MPH), Distance : 361 ft
|
|
Pitching: LHP John Hills
|
|
|
Batting: SHB Spike Owen
|
0-0: Foul Ball, location: 2F 0-1: Ball 1-1: Ground out U3 (Groundball, 3L, EV 88.8 MPH)
|
|
Batting: RHB Jeffrey Ronk
|
0-0: Called Strike 0-1: Ball 1-1: Fly out, F3 (Popup, 3, EV 68.1 MPH)
|
| Top of the 5th over - 1 run, 1 hit, 0 errors, 0 left on base; Albuquerque 3 - San Antonio 3 |
| BOTTOM OF THE 5TH |
|
San Antonio Missions batting - Pitching for Albuquerque Dukes : RHP Rafaele Cerretti
|
|
Batting: RHB Larry Hamilton
|
0-0: Ball 1-0: Ground out 5-3 (Groundball, 5, EV 105.6 MPH)
|
|
Batting: LHB Lee Pruitt
|
0-0: Ball 1-0: Ball 2-0: Ball 3-0: Base on Balls
|
|
Batting: LHB John D Morris
|
0-0: Ball 1-0: Ball 2-0: Ball 3-0: Called Strike 3-1: Base on Balls Lee Pruitt to second
|
|
Batting: LHB Jerold Johnston
|
0-0: Foul Ball, location: 2F 0-1: Called Strike 0-2: Foul Ball, location: 2F 0-2: TRIPLE (Flyball, 89XD, EV 98.1 MPH) Lee Pruitt scores John D Morris scores
|
|
Pitching: RHP Michael Tancredi
|
|
|
Batting: LHB Matt Nokes
|
0-0: Ball 1-0: Ball Wild Pitch! Jerold Johnston scores 2-0: Ball 3-0: Called Strike 3-1: Foul Ball, location: 2F 3-2: Base on Balls
|
|
Batting: RHB Houston Jimenez
|
0-0: Ball 1-0: Ball 2-0: Ball 3-0: Base on Balls Matt Nokes to second
|
|
Batting: LHB John Elway
|
0-0: Swinging Strike 0-1: Called Strike 0-2: Strikes out swinging
|
|
Batting: RHB Amos Lewis
|
0-0: SINGLE (Line Drive, 89S, EV 99.4 MPH) Matt Nokes to third Houston Jimenez to second Runner from 3rd tries for Home, SAFE, throw by RF to home
|
|
Batting: RHB Ed Hearn
|
0-0: Ball 1-0: Ball 2-0: SINGLE (Groundball, 4MS, EV 78.8 MPH) (infield hit) Houston Jimenez to third Amos Lewis to second
|
|
Batting: RHB Larry Hamilton
|
0-0: Ball 1-0: Single, Error in OF, E7, batter to second base (Groundball, 56, EV 96.3 MPH) Houston Jimenez scores Amos Lewis scores Ed Hearn to third
|
|
Batting: LHB Lee Pruitt
|
0-0: Ball 1-0: Ball 2-0: Called Strike 2-1: Ball 3-1: Foul Ball, location: 2F 3-2: Foul Ball, location: 2F 3-2: Foul Ball, location: 2F 3-2: Strikes out swinging
|
| Bottom of the 5th over - 6 runs, 4 hits, 1 error, 2 left on base; Albuquerque 3 - San Antonio 9 |
| TOP OF THE 6TH |
|
Albuquerque Dukes batting - Pitching for San Antonio Missions : LHP John Hills
|
|
Batting: RHB John Hanley
|
0-0: Ball 1-0: Called Strike 1-1: Called Strike 1-2: Foul Ball, location: 2F 1-2: Ground out 6-3 (Groundball, 6, EV 80.0 MPH)
|
|
Batting: RHB George Foussianes
|
0-0: Swinging Strike 0-1: Foul Ball, location: 2F 0-2: Foul Ball, location: 2F 0-2: Ball 1-2: Ball 2-2: Foul Ball, location: 2F 2-2: Foul Ball, location: 2F 2-2: Strikes out swinging
|
|
Batting: RHB Edward Gates
|
0-0: Ball 1-0: Swinging Strike 1-1: Ground out U3 (Groundball, 3, EV 103.1 MPH)
|
| Top of the 6th over - 0 runs, 0 hits, 0 errors, 0 left on base; Albuquerque 3 - San Antonio 9 |
| BOTTOM OF THE 6TH |
|
San Antonio Missions batting - Pitching for Albuquerque Dukes : RHP Michael Tancredi
|
|
Batting: LHB John D Morris
|
0-0: Called Strike 0-1: Ball 1-1: Foul Ball, location: 2F 1-2: Ball 2-2: Foul Ball, location: 2F 2-2: Foul Ball, location: 2F 2-2: Ball 3-2: Base on Balls
|
|
Batting: LHB Jerold Johnston
|
0-0: Ball 1-0: Ball 2-0: Ball 3-0: Base on Balls John D Morris to second
|
|
Batting: LHB Matt Nokes
|
0-0: Called Strike 0-1: Ball 1-1: Swinging Strike 1-2: Strikes out swinging
|
|
Pitching: RHP Mike Maddux
|
|
|
Batting: RHB Houston Jimenez
|
0-0: Ball 1-0: Called Strike 1-1: Swinging Strike 1-2: Strikes out swinging
|
|
Batting: LHB John Elway
|
0-0: Ball 1-0: Ball 2-0: Called Strike 2-1: SINGLE (Groundball, 3S, EV 68.8 MPH) (infield hit) John D Morris to third Jerold Johnston to second
|
|
Batting: RHB Amos Lewis
|
0-0: Fly out, F6 (Popup, 15, EV 74.4 MPH)
|
| Bottom of the 6th over - 0 runs, 1 hit, 0 errors, 3 left on base; Albuquerque 3 - San Antonio 9 |
| TOP OF THE 7TH |
|
Albuquerque Dukes batting - Pitching for San Antonio Missions : LHP John Hills
|
|
Batting: LHB Elwood Holland
|
0-0: Called Strike 0-1: Fly out, F3 (Line Drive, 3, EV 61.9 MPH)
|
|
Batting: LHB Matthew Henderson
|
0-0: Called Strike 0-1: Ball 1-1: Ball 2-1: Foul Ball, location: 2F 2-2: Foul Ball, location: 2F 2-2: Foul Ball, location: 2F 2-2: Foul Ball, location: 2F 2-2: Ball 3-2: Fly out, F5 (Line Drive, 5, EV 69.4 MPH)
|
|
Batting: RHB Aaron Cain
|
0-0: Called Strike 0-1: Foul Ball, location: 2F 0-2: Strikes out looking
|
| Top of the 7th over - 0 runs, 0 hits, 0 errors, 0 left on base; Albuquerque 3 - San Antonio 9 |
| BOTTOM OF THE 7TH |
|
San Antonio Missions batting - Pitching for Albuquerque Dukes : RHP Mike Maddux
|
|
Batting: RHB Ed Hearn
|
0-0: Ball 1-0: Ground out 6-3 (Groundball, 56, EV 110.0 MPH)
|
|
Batting: RHB Larry Hamilton
|
0-0: Swinging Strike 0-1: Foul Ball, location: 2F 0-2: Ground out 6-3 (Groundball, 6S, EV 73.8 MPH)
|
|
Batting: LHB Lee Pruitt
|
0-0: Ball 1-0: Swinging Strike 1-1: Ball 2-1: Ball 3-1: Base on Balls
|
|
Batting: LHB John D Morris
|
0-0: Called Strike 0-1: Foul Ball, location: 2F 0-2: Strikes out swinging
|
| Bottom of the 7th over - 0 runs, 0 hits, 0 errors, 1 left on base; Albuquerque 3 - San Antonio 9 |
| TOP OF THE 8TH |
|
Albuquerque Dukes batting - Pitching for San Antonio Missions : LHP John Hills
|
|
Batting: LHB Dave Yobs
|
0-0: Called Strike 0-1: Ball 1-1: Foul Ball, location: 2F 1-2: Ball 2-2: Strikes out swinging
|
|
Batting: SHB Spike Owen
|
0-0: Called Strike 0-1: Ground out 2-3 (Groundball, 13S, EV 69.4 MPH)
|
|
Batting: RHB Jeffrey Ronk
|
0-0: Ball 1-0: Ball 2-0: Ball 3-0: Foul Ball, location: 2F 3-1: Ground out 5-3 (Groundball, 56S, EV 63.8 MPH)
|
| Top of the 8th over - 0 runs, 0 hits, 0 errors, 0 left on base; Albuquerque 3 - San Antonio 9 |
| BOTTOM OF THE 8TH |
|
San Antonio Missions batting - Pitching for Albuquerque Dukes : RHP Mike Maddux
|
|
Batting: LHB Jerold Johnston
|
0-0: Ball 1-0: Ball 2-0: Ball 3-0: Called Strike 3-1: Base on Balls
|
|
Batting: LHB Matt Nokes
|
0-0: Swinging Strike 0-1: Ball 1-1: Fly out, F8 (Line Drive, 8RD, EV 100.6 MPH)
|
|
Batting: RHB Houston Jimenez
|
0-0: Ball 1-0: Swinging Strike 1-1: Swinging Strike 1-2: Grounds into double play, 4-6-3 (Groundball, 34, EV 101.9 MPH)
|
| Bottom of the 8th over - 0 runs, 0 hits, 0 errors, 0 left on base; Albuquerque 3 - San Antonio 9 |
| TOP OF THE 9TH |
|
Albuquerque Dukes batting - Pitching for San Antonio Missions : LHP John Hills
|
|
Batting: RHB John Hanley
|
0-0: Foul Ball, location: 2F 0-1: Ball 1-1: Ball 2-1: Foul Ball, location: 2F 2-2: Strikes out swinging
|
|
Batting: RHB George Foussianes
|
0-0: Ball 1-0: Ball 2-0: Foul Ball, location: 2F 2-1: Ball 3-1: Foul Ball, location: 2F 3-2: Foul Ball, location: 2F 3-2: Strikes out swinging
|
|
Batting: RHB Edward Gates
|
0-0: Ball 1-0: Foul Ball, location: 2F 1-1: Foul Ball, location: 2F 1-2: Ball 2-2: Ground out 4-3 (Groundball, 4, EV 84.4 MPH)
|
| Top of the 9th over - 0 runs, 0 hits, 0 errors, 0 left on base; Albuquerque 3 - San Antonio 9 |
|